 Dungeon Crawl Stone Soup version 0.32-a0-132-g2d33c3cfaf (webtiles) character file.

Game seed: 15699682569656118814

371 seren the Ruffian (level 6, 0/51 HPs)
             Began as a Draconian Shapeshifter on Feb 9, 2024.
             Succumbed to a killer bee's poison
             ... on level 5 of the Dungeon.
             The game lasted 00:07:25 (3299 turns).

seren the Ruffian (Draconian Shapeshifter)          Turns: 3299, Time: 00:07:26

Health: 0/51       AC:  6    Str: 18    XL:     6   Next: 42%
Magic:  6/6        EV: 12    Int: 11    God:
Gold:   70         SH:  0    Dex: 10    Spells: 5/5 levels left

rFire   . .          .
                       - Unarmed
rCold   . . .        (no shield)
rNeg    . . .        (body armour unavailable)
rPois   .            (helmet currently unavailable)
rElec   .            (cloak currently unavailable)
rCorr   .            (gloves currently unavailable)
SInv    .            (boots currently unavailable)
Will    .....        (no amulet)
Stlth   +            (no ring)
HPRegen 0.28/turn    (no ring)
MPRegen 0.10/turn

%: no passive effects
@: brilliant, lethally poisoned (0 -> -13), beast-form
A: beast (slay +2), AC +6, unfitting armour, cold-blooded
a: Begin Untransformation


You were on level 5 of the Dungeon.
You were a hulking beast.
You visited 1 branch of the dungeon, and saw 5 of its levels.

You collected 140 gold pieces.
You spent 70 gold pieces at shops.

Inventory:

Armour
 j - a +0 pair of gloves
Talismans
 b - a beast talisman
 c - a flux talisman
Wands
 d - a wand of polymorph (11)
Scrolls
 a - a scroll of blinking {!r}
 e - a scroll of enchant armour {unknown}
 f - a scroll of poison {unknown}
 g - 2 scrolls of revelation
 h - a scroll of immolation {unknown}
 k - a scroll of teleportation {!r}
 l - a scroll of fog {unknown}
 m - a scroll of amnesia {unknown}
Potions
 i - 3 potions of brilliance


   Skills:
 + Level 3.3 Fighting
 + Level 3.2 Dodging
 + Level 4.6 Unarmed Combat
 + Level 0.7 Evocations
 * Level 4.2 Shapeshifting


You had 5 spell levels left.
You didn't know any spells.
Your spell library contained the following spells:

 Spells                   Type           Power      Damage    Failure   Level
 Gell's Gravitas          Tloc           0%         N/A       71%         3
 Teleport Other           Tloc           0%         N/A       71%         3
 Dispersal                Tloc           0%         N/A       100%        6


Dungeon Overview and Level Annotations

Branches:
Dungeon (5/15)             Temple (0/1) D:5

Altars:

Shops:
D:3 ?   D:4 ?

Annotations:
D:4 exclusion: 3 doors


Innate Abilities, Weirdness & Mutations

You are a hulking beast.
Your limbs bulge with bestial killing power. (Slay +2)
Your plain brown scales are hard. (AC +6)
You cannot fit into any form of body armour.
You are cold-blooded and may be slowed by cold attacks.


Message History

Okay, then.
You completely miss the killer bee.
You feel sick. The killer bee misses you. The killer bee stings you.
You hit the killer bee.
Your tail-slap misses the killer bee.
The killer bee is moderately wounded.
You feel sick. The killer bee stings you.
A killer bee comes into view.
You closely miss the killer bee.
The killer bee is moderately wounded.
You feel sick.
The killer bee buzzes angrily.
The killer bee stings you.
* * * LOW HITPOINT WARNING * * *
The killer bee misses you.
As you read the scroll of teleportation {!r}, it crumbles to dust.
You feel strangely unstable.
You feel sick. The killer bee closely misses you. The killer bee stings you.
* * * LOW HITPOINT WARNING * * *
You closely miss the killer bee.
The killer bee is moderately wounded.
You feel sick. The killer bee stings you!
* * * LOW HITPOINT WARNING * * *
You are more poisoned.
The killer bee poisons you! The killer bee stings you.
* * * LOW HITPOINT WARNING * * *
You are lethally poisoned!
The killer bee poisons you!
Okay, then.
You feel clever all of a sudden.
* * * LOW HITPOINT WARNING * * *
You feel very sick.
The killer bee stings you but does no damage.
The killer bee stings you.
* * * LOW HITPOINT WARNING * * *
* * * LOW HITPOINT WARNING * * *
You feel very sick. The killer bee closely misses you.
Your surroundings suddenly seem different.
Found a staircase to the Ecumenical Temple.
You die...

≈≈≈≈..
##.≈≈≈≈≈≈..
≈≈≈≈..
#..≈≈≈≈≈≈.>
≈≈≈≈..
#..≈≈≈≈≈~..
≈≈≈≈.)
#...≈≈≈~~≈≈
≈≈≈..>
#.....~≈≈≈≈
≈.....
#.......≈≈≈
......
#..........
......
#..h.......
......
###########
###### # #
#


There were no monsters in sight!

Vanquished Creatures
  An ogre (D:4)
  2 hounds
  An orc priest (D:4)
  4 gnolls
  6 adders
  A white imp (D:3)
  2 ufetubi (D:5)
  2 dart slugs (D:3)
  11 orcs
  6 ball pythons
  2 bats
  7 endoplasms
  3 giant cockroaches
  4 goblins
  11 hobgoblins
  4 jackals (D:5)
  3 kobolds
  2 quokkas
  2 frilled lizards (D:2)
  2 rats
76 creatures vanquished.

Notes
Turn   | Place    | Note
-------+----------+-------------------------------------------
     0 | D:1      | seren the Draconian Shapeshifter began the quest for the
                  | Orb.
     0 | D:1      | Reached XP level 1. HP: 16/16 MP: 1/1
   238 | D:1      | Reached XP level 2. HP: 23/23 MP: 2/2
  1028 | D:2      | Reached XP level 3. HP: 8/29 MP: 3/3
  1419 | D:3      | Reached XP level 4. HP: 9/36 MP: 4/4
  1777 | D:3      | Found Fetecohu's Magic Scroll Boutique.
  1808 | D:3      | Bought a scroll of identify for 28 gold pieces
  1808 | D:3      | Bought a scroll of teleportation for 42 gold pieces
  2175 | D:4      | Noticed an ogre
  2188 | D:4      | Killed an ogre
  2189 | D:4      | Reached XP level 5. HP: 45/45 MP: 5/5
  2608 | D:3      | Reached XP level 6. HP: 51/51 MP: 6/6
  2648 | D:4      | Found Ziwisiz's Magic Scroll Emporium.
  3178 | D:5      | Entered Level 5 of the Dungeon
  3299 | D:5      | Found a staircase to the Ecumenical Temple.
  3299 | D:5      | Succumbed to a killer bee's poison

Illustrated notes

Levels and vault maps discovered:
D:1:      minmay_arrival_doors, layout_basic
D:2:      layout_basic
D:3:      layout_rooms, serial_shops, nicolae_shop_advertising_works
          [nicolae_subvault_shop_adworks], serial_bayou, serial_bayou_pond_b,
          serial_bayou_shore_a, serial_bayou_pond_c, serial_bayou_lagoon_a
D:4:      cheibrodos_barr_body, layout_gridville, serial_shops,
          nicolae_stop_n_shop_1
D:5:      layout_gridville, temple_pool_b, serial_shops, shop,
          nicolae_stop_n_shop_1, nicolae_shop_sticking_my_neck_out

Skill      XL: |  1  2  3  4  5  6 |
---------------+-------------------+-----
Dodging        | 2 3 |  3.2
Fighting       | 2 3 |  3.3
Unarmed Combat | 4 |  4.6
Shapeshifting  | 4 |  4.2
Evocations     | |  0.7

Action                     |  1- 3 |  4- 6 || total
---------------------------+-------+-------++-------
  Melee: Unarmed           |    94 |   127 ||   221
         Tailslap          |     9 |    13 ||    22
         Punch             |     3 |     2 ||     5
    Use: Scroll            |       |     6 ||     6
         Potion            |       |     4 ||     4
   Stab: Sleeping          |     1 |     1 ||     2
 Armour: Skin              |    62 |    79 ||   141
  Dodge: Dodged            |    67 |    80 ||   147

Table legend: (Time is in decaauts)
 A = Elapsed time spent in this place.
 B = Non-inter-level travel time spent in this place.
 C = Inter-level travel time spent in this place.
 D = Time resting spent in this place.
 E = Time spent auto-exploring this place.
 F = Levels seen in this place.
 G = Mean time per level.
                   A        B        C        D        E       F      G
               +--------+--------+--------+--------+--------+-----+--------+
         Total |   3300 |   3163 |    137 |    444 |   2048 |   5 |  660.0 |
       Dungeon |   3300 |   3163 |    137 |    444 |   2048 |   5 |  660.0 |
               +--------+--------+--------+--------+--------+-----+--------+

Top non-repeatable levels by time:
     D:4: 911 daAuts
     D:3: 831 daAuts
     D:1: 744 daAuts
     D:2: 695 daAuts
     D:5: 118 daAuts
